 Dungeon Crawl Stone Soup version 0.19.5 (webtiles) character file.

108 McKennaii the Gusty (level 4, -1/27 HPs)
             Began as a High Elf Air Elementalist on Apr 20, 2017.
             Slain by an orc wizard
             ... wielding a +0 dagger
              (5 damage)
             ... on level 3 of the Dungeon.
             The game lasted 00:06:19 (2521 turns).

McKennaii the Gusty (High Elf Air Elementalist)     Turns: 2521, Time: 00:06:20

Health: -1/27      AC:  5    Str:  7    XL:     4   Next: 58%
Magic:  6/10       EV: 13    Int: 20    God:
Gold:   83         SH:  0    Dex: 15    Spells: 3 memorised, 5 levels left

rFire  . . .     SeeInvis .     (no weapon)
rCold  . . .     Gourm    .     a - +0 robe
rNeg   . . .     Faith    .     (no shield)
rPois  .         Spirit   .     (no helmet)
rElec  .         Reflect  .     (no cloak)
rCorr  .         Harm     .     g - +2 pair of gloves
MR     .....                    (no boots)
Stlth  ++........               (no amulet)
                                (no ring)
                                (no ring)

@: repel missiles
A: no striking features
a: no special abilities


You were on level 3 of the Dungeon.
You were not hungry.

You visited 1 branch of the dungeon, and saw 3 of its levels.

You collected 83 gold pieces.

Inventory:

Armour
 a - a +0 robe (worn)
 g - a +2 pair of gloves (worn)
Scrolls
 e - 4 scrolls of remove curse {unknown}
 f - a scroll of blinking {unknown}
 h - 4 scrolls of identify {unknown}
 j - a scroll of fog {unknown}
 o - a scroll of noise {unknown}
Potions
 d - a potion of degeneration {unknown}
 k - a potion of invisibility {unknown}
 m - a potion of cure mutation {unknown}
 n - a potion of flight {unknown}
Books
 b - a book of Air

   Spells                             Type                      Level
   a - Shock                          Conjuration/Air              1
   b - Swiftness                      Charms/Air                   2
   c - Repel Missiles                 Charms/Air                   2
   d - Static Discharge               Conjuration/Air              3
   e - Lightning Bolt                 Conjuration/Air              5
Comestibles
 c - a bread ration
 i - a beef jerky
 l - a royal jelly


   Skills:
 + Level 0.4 Fighting
 + Level 2.6 Dodging
 + Level 2.3 Stealth
 + Level 3.5 Spellcasting
 + Level 2.3 Conjurations
 + Level 0.2 Charms
 + Level 4.7 Air Magic


You had 5 spell levels left.
You knew the following spells:

 Your Spells              Type           Power        Failure   Level  Hunger
a - Shock                 Conj/Air       ###.         3%          1    None
b - Swiftness             Chrm/Air       ##......     10%         2    ##.....
c - Repel Missiles        Chrm/Air       ##....       10%         2    ##.....


Dungeon Overview and Level Annotations

Branches:
Dungeon (3/15)

Altars:

Annotations:
D:2 Sigmund
D:3 XMarksTheSpot's ghost, amateur MfGl


Message History

In your confused state, you trip and fall back down the stairs.
The orc barely misses you. The orc wizard barely misses you.
The orc completely misses you.
Unknown command.
The orc hits you with a dagger. The orc wizard barely misses you.
The orc hits you but does no damage.
In your confused state, you trip and fall back down the stairs.
The orc barely misses you. The orc wizard closely misses you.
The orc closely misses you.
Unknown command.
The orc hits you with a dagger.
* * * LOW HITPOINT WARNING * * *
The orc wizard hits you but does no damage.
The orc hits you with a dagger.
* * * LOW HITPOINT WARNING * * *
In your confused state, you trip and fall back down the stairs.
* * * LOW HITPOINT WARNING * * *
You feel less confused. The orc barely misses you.
The orc wizard hits you with a dagger.
You die...

....(.#####
#.[........
#..........
#..........
#..........
#..........
#...o......
#.†@o......
#...o..####
#.#........
#.#.####...
# #.# ..
..# . ###


You could see an orc wizard and 2 orcs.

Vanquished Creatures
  An orc priest (D:2)
  An ooze (D:2)
  2 dart slugs
  4 leopard geckos (D:2)
  An orc (D:3)
  A ball python (D:1)
  4 bats
  3 giant cockroaches
  10 goblins
  5 hobgoblins
  11 jackals (D:1)
  7 kobolds
  A quokka (D:3)
  3 frilled lizards
  4 rats (D:2)
58 creatures vanquished.

Notes
Turn   | Place    | Note
-------+----------+-------------------------------------------
     0 | D:1      | McKennaii the High Elf Air Elementalist began the quest for the Orb.
     0 | D:1      | Reached XP level 1. HP: 11/11 MP: 4/4
   215 | D:1      | Reached XP level 2. HP: 11/17 MP: 2/6
   245 | D:1      | Reached skill level 4 in Air Magic
   249 | D:1      | Learned a level 2 spell: Swiftness
   252 | D:1      | Learned a level 2 spell: Repel Missiles
   702 | D:1      | Reached XP level 3. HP: 20/21 MP: 0/8
  1146 | D:2      | Noticed Sigmund
  1967 | D:2      | Reached XP level 4. HP: 27/27 MP: 7/9
  2345 | D:3      | Noticed XMarksTheSpot's ghost (amateur MfGl)
  2521 | D:3      | Slain by an orc wizard

Skill      XL: |  1  2  3 |
---------------+----------+-----
Air Magic      | 4 |  4.7
Spellcasting   | 3 |  3.5
Conjurations   | 2 |  2.3
Fighting       | |  0.4
Dodging        | |  2.6
Stealth        | |  2.3
Charms         | |  0.2

Action                   |  1- 3 |  4- 6 || total
-------------------------+-------+-------++-------
Melee: Unarmed           |     4 |       ||     4
 Cast: Shock             |    90 |    30 ||   120
       Repel Missiles    |     2 |       ||     2
  Eat: Meat ration       |     1 |       ||     1
Armor: Robe              |    16 |     8 ||    24
Dodge: Dodged            |    55 |    22 ||    77
       Deflected         |     1 |     1 ||     2
